 Dungeon Crawl Stone Soup version 0.27.1-3-gb3d3a73c9e (webtiles) character file.

Game seed: 14087499015819195488

122 Eitelfritz the Poker (level 5, 0/41 HPs)
             Began as a Merfolk Gladiator on Oct 16, 2021.
             Killed by divine providence
             ... invoked by an orc priest
              (15 damage)
             ... on level 3 of the Dungeon.
             The game lasted 00:05:38 (3122 turns).

Eitelfritz the Poker (Merfolk Gladiator)            Turns: 3122, Time: 00:05:38

Health: 0/41       AC:  5    Str: 14    XL:     5   Next: 6%
Magic:  5/5        EV: 13    Int:  8    God:
Gold:   31         SH:  0    Dex: 16    Spells: 4/4 levels left

rFire    . . .     SeeInvis .   a - +0 trident
rCold    . . .     Faith    .   (no shield)
rNeg     . . .     Spirit   .   b - +0 leather armour
rPois    .         Reflect  .   c - +0 helmet
rElec    .         Harm     .   m - +0 cloak
rCorr    +         Rampage  .   (no gloves)
Will     .....                  (no boots)
Stlth    ++........             (no amulet)
HPRegen  0.13/turn              o - ring of resist corrosion
MPRegen  0.09/turn              (no ring)

@: no status effects
A: (nimble swimmer 2), mertail
a: no special abilities


You were on level 3 of the Dungeon.
You visited 1 branch of the dungeon, and saw 3 of its levels.

You collected 31 gold pieces.

Inventory:

Hand Weapons
 a - a +0 trident (weapon)
Missiles
 d - 3 throwing nets (quivered)
Armour
 b - a +0 leather armour (worn)
 c - a +0 helmet (worn)
 m - a +0 cloak (worn)
Jewellery
 o - a ring of resist corrosion (left hand)
Scrolls
 e - 2 scrolls of enchant weapon {unknown}
 g - a scroll of blinking {unknown}
 h - 2 scrolls of summoning {unknown}
 j - a scroll of fog {unknown}
Potions
 f - a potion of cancellation {unknown}
 i - a potion of mutation {unknown}
 k - a potion of flight {unknown}
 l - a potion of degeneration {unknown}
 n - a potion of berserk rage {unknown}


   Skills:
 + Level 3.1 Fighting
 + Level 6.2 Polearms
 + Level 2.0 Throwing
 + Level 1.1 Armour
 + Level 4.6 Dodging
 + Level 1.1 Stealth


You had 4 spell levels left.
You didn't know any spells.
Your spell library contained the following spells:

 Spells                   Type           Power      Damage    Failure   Level
 Borgnjor's Revivificati  Necr           0%         N/A       100%        8
 Necromutation            Tmut/Necr      0%         N/A       100%        8
 Death's Door             Necr           0%         N/A       100%        9


Dungeon Overview and Level Annotations

Branches:
Dungeon (3/15)

Altars:
Uskayaw
Yredelemnul
Zin


Innate Abilities, Weirdness & Mutations

((You are quick and stealthy near water. (Stealth+, EV+, Speed+++)))
Your lower body shifts to a powerful aquatic tail in water.


Message History

You reach to attack!
You hit the orc.
The orc is severely wounded.
You puncture the orc!
You kill the orc!
Reach: a) +0 trident
Press: ? - help, Dir - move target, f - orc priest
Aim: an orc priest, wielding a +0 flail and wearing a +0 scale mail (about 34% to evade your +0 trident)
You reach to attack!
You hit the orc priest.
The orc priest is lightly wounded.
You hit the orc priest.
The orc priest is moderately wounded.
The orc priest barely misses you. The orc barely misses you.
You closely miss the orc priest.
The orc priest is moderately wounded.
The orc priest closely misses you. The orc hits you with a +0 short sword.
You hit the orc priest.
The orc priest is heavily wounded.
The orc priest calls down the wrath of Beogh upon you.
Beogh smites you! The orc misses you.
You hit the orc priest.
The orc priest is severely wounded.
The orc priest barely misses you. The orc barely misses you.
You hit the orc priest.
The orc priest is almost dead.
The orc priest closely misses you. The orc barely misses you.
You hit the orc priest but do no damage.
The orc priest is almost dead.
A kobold comes into view. It is wielding a +0 dagger.
The orc priest barely misses you. The orc hits you with a +0 short sword.
The kobold shouts!
You hit the orc priest but do no damage.
The orc priest is almost dead.
The kobold throws a stone.
The stone hits you but does no damage.
The orc priest hits you with a +0 flail!
The orc hits you with a +0 short sword.
You barely miss the orc priest.
The orc priest is almost dead.
The orc priest invokes the aid of Beogh against you.
Beogh smites you!
You die...

#...........
#.####...### ## #+#
#.#..#...# # .....
..#.#..#._.# # #.#.#
#...#((#...# # ..
#.#.###...####...###
#..##....##.............
#..K..oo..#.######.#.###
#..@.##.# #...#
#.......########.#
.....##.............#
##### ###############


You could see an orc priest, an orc and a kobold.

Vanquished Creatures
  A scorpion (D:2)
  An adder (D:2)
  A worm (D:3)
  2 dart slugs
  2 orcs (D:3)
  7 endoplasms
  A giant cockroach (D:1)
  6 hobgoblins (D:1)
  3 jackals (D:1)
  4 quokkas
  5 ball pythons
  2 bats (D:1)
  A frilled lizard (D:1)
  3 goblins
  2 kobolds
  4 rats
45 creatures vanquished.

Notes
Turn   | Place    | Note
-------+----------+-------------------------------------------
     0 | D:1      | Eitelfritz the Merfolk Gladiator began the quest for the
                  | Orb.
     0 | D:1      | Reached XP level 1. HP: 16/16 MP: 1/1
   453 | D:1      | Reached XP level 2. HP: 19/23 MP: 2/2
   851 | D:1      | Reached XP level 3. HP: 21/28 MP: 3/3
   969 | D:1      | Reached skill level 5 in Polearms
  1016 | D:1      | You fall into a shaft and drop 1 floor!
  1067 | D:2      | You fall into a shaft and drop 1 floor!
  1491 | D:1      | Found a faded altar of an unknown god.
  2091 | D:2      | Noticed a scorpion
  2109 | D:2      | Killed a scorpion
  2110 | D:2      | Reached skill level 6 in Polearms
  2110 | D:2      | Reached skill level 1 in Armour
  2110 | D:2      | Reached skill level 1 in Stealth
  2110 | D:2      | Reached XP level 4. HP: 17/35 MP: 4/4
  2761 | D:2      | Found a glowing silver altar of Zin.
  2904 | D:3      | Reached XP level 5. HP: 33/41 MP: 5/5
  3002 | D:3      | Found a basalt altar of Yredelemnul.
  3073 | D:3      | Noticed a +0 dagger
  3074 | D:3      | Found a hide-covered altar of Uskayaw.
  3074 | D:3      | Noticed a +0 hand axe
  3122 | D:3      | Killed from afar by an orc priest

Illustrated notes

Levels and vault maps discovered:
D:1:      dpeg_arrival_simpleton_a, layout_basic, ebering_ecumenical_altar_hall,
          minmay_tree_intersection
D:2:      layout_rooms, basic_altar, serial_rivers,
          chequers_serial_rivers_micro_e, chequers_serial_rivers_marsh,
          chequers_serial_rivers_small_b, chequers_serial_rivers_micro_d,
          chequers_serial_rivers_micro_a, minmay_distorted
D:3:      layout_loops_corners, dancing_weapons_uskayaw,
          mainiacjoe_overflow_paths, gammafunk_ghost_icy, grunt_decor_arrowhead,
          minmay_vboxes

Skill      XL: |  1  2  3 |
---------------+----------+-----
Polearms       | 6 |  6.2
Fighting       | 3 |  3.1
Armour         | 1 |  1.1
Stealth        | 1 |  1.1
Throwing       | |  2.0
Dodging        | |  4.6

Action                   |  1- 3 |  4- 6 || total
-------------------------+-------+-------++-------
Melee: Trident           |   127 |    39 ||   166
       Tailslap          |       |     3 ||     3
 Stab: Sleeping          |     3 |     1 ||     4
Armor: Leather armour    |    30 |     9 ||    39
Dodge: Dodged            |    78 |    17 ||    95
